 Dungeon Crawl Stone Soup version 0.28-a0-724-g66f9036eb4 (webtiles) character file.

Game seed: 8237799573210522060

7 meatgazer the Skirmisher (level 1, -1/18 HPs)
             Began as a Demonspawn Abyssal Knight on Oct 26, 2021.
             Was a Follower of Lugonu.
             Killed from afar by a starcursed mass (7 damage)
             ... with an accursed screaming
             ... on level 1 of the Abyss.
             The game lasted 00:00:12 (90 turns).

meatgazer the Skirmisher (Demonspawn Abyssal Knight)  Turns: 90, Time: 00:00:12

Health: -1/18      AC:  3    Str: 13    XL:     1   Next: 91%
Magic:  2/2        EV:  6    Int: 11    God:    Lugonu [*.....]
Gold:   0          SH:  0    Dex: 13    Spells: 0/0 levels left

rFire   . . .      SeeInvis .   a - +1 spear
rCold   . . .      Faith    .   (no shield)
rNeg    . . .      Spirit   .   b - +0 leather armour
rPois   .          Reflect  .   (no helmet)
rElec   .          Harm     .   (no cloak)
rCorr   .          Rampage  .   (no gloves)
Will    .....                   (no boots)
Stlth   +.........              (no amulet)
HPRegen 0.06/turn               (no ring)
MPRegen 0.08/turn               (no ring)

@: petrifying (expiring), very slow
A: no striking features
a: Renounce Religion, Depart the Abyss


You were on level 1 of the Abyss.
You worshipped Lugonu.
Lugonu was aware of your devotion.
You visited 0 branches of the dungeon, and saw 0 of its levels.
You visited the Abyss 1 time.

Inventory:

Hand Weapons
 a - a +1 spear (weapon)
Armour
 b - a +0 leather armour (worn)
Scrolls
 d - a scroll of identify {unknown}


   Skills:
 + Level 3.3 Fighting
 + Level 1.9 Polearms
 + Level 1.9 Armour
 + Level 0.8 Dodging
 + Level 2.5 Invocations


You couldn't memorise any spells.
You didn't know any spells.
Your spell library was empty.

Dungeon Overview and Level Annotations

Branches:
Dungeon (0/15)

Altars:


Message History

You are too injured to fight recklessly!
You are too injured to fight recklessly!
You are too injured to fight recklessly!
You are too injured to fight recklessly!
You are too injured to fight recklessly!
You are too injured to fight recklessly!
You are too injured to fight recklessly!
You are too injured to fight recklessly!
You are too injured to fight recklessly!
You are too injured to fight recklessly!
You hit the white imp.
You kill the white imp!
You start to feel less resistant.
Your resistance to elements expires.
A starcursed mass comes into view.
You hit the starcursed mass.
The starcursed mass is lightly damaged.
A starcursed mass splits.
You hit the starcursed mass.
The starcursed mass is lightly damaged.
The starcursed mass shudders and is absorbed by its neighbour.
A basilisk comes into view.
A starcursed mass splits.
The basilisk hisses angrily.
The starcursed mass closely misses you.
A starcursed mass splits.
You hit the starcursed mass.
The starcursed mass is lightly damaged.
The starcursed mass shudders and is absorbed by its neighbour.
A starcursed mass splits.
You hit the starcursed mass.
The starcursed mass is lightly damaged.
The starcursed mass shudders and is absorbed by its neighbour.
The basilisk gazes at you.
You are slowing down.
A chorus of shrieks assaults your mind.
The starcursed mass touches you but does no damage.
Your limbs are stiffening.
A starcursed mass splits.
A chorus of shrieks assaults your mind.
You die...

.
...#.#..####..
#. #... #.# #
###..##..#
.... .... #
#..##.# ... .
##...####.. #
..#.###lX#...#
.#
#..l...#X##.#
.
#..#...#X@..#
# ######..#.#
.#.# ## #. ##
#


You could see 3 starcursed masses and a basilisk.

Vanquished Creatures
  A white imp (Abyss:1)
1 creature vanquished.

Notes
Turn   | Place    | Note
-------+----------+-------------------------------------------
     0 | Abyss:1  | meatgazer the Demonspawn Abyssal Knight began the quest for
                  | the Orb.
     0 | Abyss:1  | Reached XP level 1. HP: 18/18 MP: 2/2
    83 | Abyss:1  | Noticed a starcursed mass
    85 | Abyss:1  | Noticed a basilisk
    90 | Abyss:1  | Killed from afar by a starcursed mass

Illustrated notes

Levels and vault maps discovered:
Abyss:1:  base: Temple, base:
Temple

Action                   || total
-------------------------++-------
Melee: Spear             ||    12
  Use: Potion            ||     1
Armor: Leather armour    ||     2
Dodge: Dodged            ||     2

Table legend: (Time is in decaauts)
 A = Elapsed time spent in this place.
 B = Non-inter-level travel time spent in this place.
 C = Inter-level travel time spent in this place.
 D = Time resting spent in this place.
 E = Time spent auto-exploring this place.
 F = Levels seen in this place.
 G = Mean time per level.
                   A        B        C        D        E       F      G
               +--------+--------+--------+--------+--------+-----+--------+
         Total |     90 |     90 |      0 |      0 |     69 |   1 |   90.0 |
         Abyss |     90 |     90 |      0 |      0 |     69 |   1 |   90.0 |
               +--------+--------+--------+--------+--------+-----+--------+

Top non-repeatable levels by time:
 Abyss:1: 90 daAuts
